[Event "ICC tourney 2533 (25 5)"]
[Site "Internet Chess Club"]
[Date "2021.04.24"]
[Round "4"]
[White "RODRIGUEZ, KEYES:K09-16494792"]
[Black "DEVANGAN, ANMOL:K09-16768913"]
[Result "1-0"]
[ICCResult "Black checkmated"]
[WhiteElo "1195"]
[BlackElo "634"]
[Opening "Danish gambit"]
[ECO "C21"]
[NIC "KP.04"]
[Time "17:03:24"]
[PlyCount "25"]
[TimeControl "1500+5"]

1. e4 e5 2. d4 exd4 3. c3 dxc3 4. Bc4 Nf6 5. Nxc3 Nc6 6. Nf3 Bc5 7. e5 Qe7
8. Qe2 Ng4 9. O-O f6 10. Nd5 Qd8 11. exf6+ Kf7 12. Ne7+ Kxf6 13. Bg5# {
Black checkmated } 1-0

[Event "ICC tourney 2533 (25 5)"]
[Site "Internet Chess Club"]
[Date "2021.04.24"]
[Round "4"]
[White "ZHU, AIDEN:K09-30141156"]
[Black "KENGSOONTRA, PATRICK:K09-15777277"]
[Result "0-1"]
[ICCResult "White checkmated"]
[WhiteElo "1083"]
[BlackElo "1642"]
[Opening "Sicilian defense"]
[ECO "B20"]
[NIC "SI.48"]
[Time "17:05:34"]
[PlyCount "36"]
[TimeControl "1500+5"]

1. e4 c5 2. Bc4 g6 3. Qf3 e6 4. Nc3 Bg7 5. Nge2 Nc6 6. d3 Nge7 7. O-O O-O
8. Bb5 Ne5 9. Qf4 d5 10. exd5 exd5 11. d4 cxd4 12. Nxd4 N7c6 13. Qh4 Nxd4
14. Bh6 Nef3+ 15. gxf3 Nxf3+ 16. Kg2 Nxh4+ 17. Kg3 Bxh6 18. Rad1 Qg5# {
White checkmated } 0-1

[Event "ICC tourney 2533 (25 5)"]
[Site "Internet Chess Club"]
[Date "2021.04.24"]
[Round "4"]
[White "ANTONY VETTICAL, DYLAN:K09-16099143"]
[Black "NG, TIMOTHY:K09-15541548"]
[Result "0-1"]
[ICCResult "White resigns"]
[WhiteElo "1029"]
[BlackElo "1857"]
[Opening "Queen's pawn: London system"]
[ECO "A45"]
[NIC "QP.07"]
[Time "17:04:19"]
[PlyCount "38"]
[TimeControl "1500+5"]

1. d4 Nf6 2. Bf4 g6 3. e3 Bg7 4. Nf3 d6 5. Be2 O-O 6. O-O Nbd7 7. c4 Qe8 8.
Nc3 e5 9. dxe5 dxe5 10. Bg5 c6 11. Qc2 Nc5 12. Rfd1 Bf5 13. Bd3 Nxd3 14.
Rxd3 Bxd3 15. Qxd3 e4 16. Qe2 exf3 17. Qxf3 Qe6 18. Na4 Ne4 19. b3 Nxg5 {
White resigns } 0-1

[Event "ICC tourney 2533 (25 5)"]
[Site "Internet Chess Club"]
[Date "2021.04.24"]
[Round "4"]
[White "ASTHANA, AMAN:K09-15042721"]
[Black "LEYTE VIDAL, BRANDON:K09-17196870"]
[Result "0-1"]
[ICCResult "White checkmated"]
[WhiteElo "947"]
[BlackElo "430"]
[Opening "King's Indian defense, 3.Nc3"]
[ECO "E61"]
[NIC "KI.80"]
[Time "17:03:47"]
[PlyCount "78"]
[TimeControl "1500+5"]

1. d4 Nf6 2. c4 g6 3. Nc3 Bg7 4. Nf3 c6 5. e3 d5 6. Bd3 dxc4 7. Bxc4 Bg4 8.
O-O b5 9. Be2 Nbd7 10. b3 Qc7 11. d5 cxd5 12. Nxd5 Nxd5 13. Qxd5 Bxa1 14.
Qxa8+ Nb8 15. Qe4 Bf5 16. Qf4 Qxf4 17. exf4 a6 18. Ba3 Bf6 19. Bc5 O-O 20.
a4 bxa4 21. bxa4 Rc8 22. Ba7 Rc2 23. Bxa6 Nxa6 24. Bd4 Bxd4 25. Nxd4 Ra2
26. Nxf5 gxf5 27. Rb1 Rxa4 28. g3 Rb4 29. Rc1 e6 30. Rc8+ Kg7 31. Ra8 Nc5
32. Rc8 Ne4 33. Kg2 Rb2 34. Kh3 Rxf2 35. Rc4 Kg6 36. Rxe4 fxe4 37. Kg4 e3
38. f5+ exf5+ 39. Kh4 Rxh2# { White checkmated } 0-1

[Event "ICC tourney 2533 (25 5)"]
[Site "Internet Chess Club"]
[Date "2021.04.24"]
[Round "4"]
[White "JAIN, RAJNEESH:K09-16887466"]
[Black "E BROADUS, ANDERSON:K09-17254874"]
[Result "1-0"]
[ICCResult "Black checkmated"]
[WhiteElo "1246"]
[BlackElo "551"]
[Opening "QGD: 3...Nf6"]
[ECO "D35"]
[NIC "QO.16"]
[Time "17:03:45"]
[PlyCount "77"]
[TimeControl "1500+5"]

1. d4 d5 2. c4 e6 3. Nc3 Nf6 4. e3 Bb4 5. Ne2 c6 6. g3 Ne4 7. Bg2 Nxc3 8.
Nxc3 Qa5 9. Bd2 O-O 10. a3 Bd6 11. c5 Bc7 12. Bf1 f6 13. Nxd5 exd5 14. Bxa5
Bxa5+ 15. b4 Bc7 16. Bg2 a5 17. O-O axb4 18. axb4 Rxa1 19. Qxa1 Na6 20. Qa3
b6 21. Ra1 bxc5 22. bxc5 f5 23. Qb3 Rf7 24. Bf1 Nb8 25. Ra8 h6 26. Rxb8
Bxb8 27. Qxb8 Rf8 28. Qd6 Bb7 29. f3 Rf6 30. Qd8+ Kh7 31. e4 fxe4 32. fxe4
dxe4 33. Qe7 Bc8 34. Qxe4+ g6 35. Qe7+ Kg8 36. Qxf6 Bh3 37. Bc4+ Kh7 38.
Qf7+ Kh8 39. Qg8# { Black checkmated } 1-0

[Event "ICC tourney 2533 (25 5)"]
[Site "Internet Chess Club"]
[Date "2021.04.24"]
[Round "4"]
[White "MUTHUKUMARAN, ARJUN:K09-30018527"]
[Black "ROSLIK NEVISTICH, LUCAS:K09-16541246"]
[Result "1-0"]
[ICCResult "Black checkmated"]
[WhiteElo "914"]
[BlackElo "234"]
[Opening "Queen's pawn: Charlick (Englund) gambit"]
[ECO "A40"]
[NIC "QO.17"]
[Time "17:04:03"]
[PlyCount "65"]
[TimeControl "1500+5"]

1. d4 e5 2. dxe5 Nc6 3. Nf3 Qe7 4. Bf4 Qb4+ 5. Bd2 Qxb2 6. Nc3 Bb4 7. Rb1
Qa3 8. Nb5 Bxd2+ 9. Nxd2 Kd8 10. Nxa3 d6 11. exd6 cxd6 12. Nac4 d5 13. Nf3
Nf6 14. Nce5 Nxe5 15. Nxe5 Ke7 16. e3 Ke6 17. Ng4 Nxg4 18. Qxg4+ Kf6 19.
Qd4+ Ke6 20. Qxg7 Bd7 21. Qg4+ Ke7 22. Qh4+ f6 23. Bb5 Bxb5 24. Rxb5 a6 25.
Rxb7+ Kd6 26. Qxf6+ Kc5 27. Rc7+ Kb5 28. Qc6+ Ka5 29. Qc5+ Ka4 30. Rb7 a5
31. Qd4+ Ka3 32. Qb2+ Ka4 33. Qb3# { Black checkmated } 1-0

[Event "ICC tourney 2533 (25 5)"]
[Site "Internet Chess Club"]
[Date "2021.04.24"]
[Round "4"]
[White "ENRIQUEZ, EULALIO:K09-16621387"]
[Black "ACHATA, CAMERON:K09-16677725"]
[Result "0-1"]
[ICCResult "White checkmated"]
[WhiteElo "1071"]
[BlackElo "536"]
[Opening "Petrov's defense"]
[ECO "C42"]
[NIC "RG.03"]
[Time "17:06:17"]
[PlyCount "20"]
[TimeControl "1500+5"]

1. e4 e5 2. Nf3 Nf6 3. Nxe5 Nc6 4. Nxc6 dxc6 5. Nc3 Bc5 6. Bc4 Ng4 7. O-O
Qh4 8. h3 Nxf2 9. Qe2 Nxh3+ 10. Kh1 Nf4# { White checkmated } 0-1

[Event "ICC tourney 2533 (25 5)"]
[Site "Internet Chess Club"]
[Date "2021.04.24"]
[Round "4"]
[White "KOSTINA, POLINA:K09-16025494"]
[Black "NADYRSHIN, IMRAN:K09-17245693"]
[Result "1-0"]
[ICCResult "Black checkmated"]
[WhiteElo "831"]
[BlackElo "163"]
[Opening "Scandinavian (center counter) defense"]
[ECO "B01"]
[NIC "SD.01"]
[Time "17:06:53"]
[PlyCount "31"]
[TimeControl "1500+5"]

1. e4 d5 2. exd5 Qxd5 3. Nc3 Qa5 4. d4 c6 5. Bd2 Nf6 6. Nf3 Bf5 7. Ne4 Qc7
8. Nxf6+ exf6 9. Be2 Be7 10. O-O O-O 11. Nh4 Qd6 12. Nxf5 Qe6 13. Bd3 Qd7
14. Re1 Re8 15. Qg4 Bd8 16. Qxg7# { Black checkmated } 1-0

[Event "ICC tourney 2533 (25 5)"]
[Site "Internet Chess Club"]
[Date "2021.04.24"]
[Round "4"]
[White "T TRAN, JAMIE:K09-15367291"]
[Black "GARZA, ISABELLA:K09-15183191"]
[Result "1-0"]
[ICCResult "Black checkmated"]
[WhiteElo "1043"]
[BlackElo "461"]
[Opening "Giuoco Pianissimo"]
[ECO "C55"]
[NIC "IG.01"]
[Time "17:04:37"]
[PlyCount "51"]
[TimeControl "1500+5"]

1. e4 e5 2. Bc4 Nc6 3. Nf3 Nf6 4. d3 Bc5 5. O-O d6 6. h3 Qe7 7. Bg5 Be6 8.
Bxe6 Qxe6 9. Nc3 h6 10. Bh4 O-O 11. Nb5 Qd7 12. d4 exd4 13. Nfxd4 a6 14.
Nxc6 Qxc6 15. Nc3 Nxe4 16. Nxe4 Qxe4 17. Qh5 Qxc2 18. Qg4 Qxb2 19. Rab1
Qxa2 20. Bf6 g6 21. Qf4 h5 22. Qh6 Bxf2+ 23. Rxf2 Qxb1+ 24. Rf1 Qb6+ 25.
Kh1 Rfe8 26. Qg7# { Black checkmated } 1-0

[Event "ICC tourney 2533 (25 5)"]
[Site "Internet Chess Club"]
[Date "2021.04.24"]
[Round "4"]
[White "DUNCAN, KEITH:K09-16866460"]
[Black "MICHAEL WANG, JUSTIN:K09-15796021"]
[Result "1/2-1/2"]
[ICCResult "Game drawn by repetition"]
[WhiteElo "484"]
[BlackElo "962"]
[Opening "Giuoco Pianissimo: Italian four knights variation"]
[ECO "C46"]
[NIC "KP.06"]
[Time "17:04:20"]
[PlyCount "36"]
[TimeControl "1500+5"]

1. e4 e5 2. Nf3 Nc6 3. Nc3 Bc5 4. Bc4 Nf6 5. d3 d6 6. O-O Bg4 7. Bg5 h6 8.
Bxf6 gxf6 9. h3 Bxf3 10. Qxf3 Nd4 11. Qh5 Qe7 12. Nd5 Qd8 13. Nc3 Qe7 14.
Nd5 Qd8 15. Nc3 Qe7 16. Nd5 Qd8 17. Nc3 Qe7 18. Nd5 Qd8 { Game drawn by
repetition } 1/2-1/2

[Event "ICC tourney 2533 (25 5)"]
[Site "Internet Chess Club"]
[Date "2021.04.24"]
[Round "4"]
[White "HUANG, VINSON:K09-16952520"]
[Black "BHOOMA, HRISHI:K09-15435134"]
[Result "1-0"]
[ICCResult "Black checkmated"]
[WhiteElo "614"]
[BlackElo "1064"]
[Opening "Petrov's defense"]
[ECO "C42"]
[NIC "RG.03"]
[Time "17:05:27"]
[PlyCount "43"]
[TimeControl "1500+5"]

1. e4 e5 2. Nf3 Nf6 3. Nxe5 Nc6 4. Nxc6 dxc6 5. d3 Bc5 6. Be2 O-O 7. O-O
Bd4 8. Bg5 h6 9. Bh4 Qd6 10. Bxf6 Qxf6 11. Nd2 Qg6 12. Kh1 f5 13. Nf3 Bf6
14. Re1 fxe4 15. dxe4 Qxe4 16. b3 Qd5 17. Bc4 Bxa1 18. Bxd5+ Kh8 19. Bxc6
bxc6 20. Qxa1 Bg4 21. Re7 Bxf3 22. Qxg7# { Black checkmated } 1-0

[Event "ICC tourney 2533 (25 5)"]
[Site "Internet Chess Club"]
[Date "2021.04.24"]
[Round "4"]
[White "WENZHI GUO, MICHAEL:K09-16316494"]
[Black "KOLLI, SIVA:K09-16953345"]
[Result "1-0"]
[ICCResult "Black checkmated"]
[WhiteElo "914"]
[BlackElo "181"]
[Opening "Scandinavian (center counter) defense"]
[ECO "B01"]
[NIC "SD.01"]
[Time "17:05:48"]
[PlyCount "33"]
[TimeControl "1500+5"]

1. e4 d5 2. exd5 Qxd5 3. Nc3 Qa5 4. d4 c6 5. Nf3 Nf6 6. Bd2 Qc7 7. Be2 Bg4
8. O-O e6 9. h3 Bh5 10. g4 Nxg4 11. hxg4 Bxg4 12. Ne5 Bxe2 13. Qxe2 f6 14.
Nc4 h5 15. Qxe6+ Qe7 16. Nd6+ Kd8 17. Qc8# { Black checkmated } 1-0

[Event "ICC tourney 2533 (25 5)"]
[Site "Internet Chess Club"]
[Date "2021.04.24"]
[Round "4"]
[White "T FEDDERSEN, NICHOLAS:K09-17108237"]
[Black "LEE, JOSHUA:K09-16260353"]
[Result "1/2-1/2"]
[ICCResult "Game drawn by mutual agreement"]
[WhiteElo "682"]
[BlackElo "1285"]
[Opening "Konstantinopolsky opening"]
[ECO "C44"]
[NIC "KP.10"]
[Time "17:05:12"]
[PlyCount "130"]
[TimeControl "1500+5"]

1. e4 e5 2. Nf3 Nc6 3. g3 Bc5 4. Bg2 Nf6 5. d3 b6 6. O-O Bb7 7. c3 d5 8.
exd5 Nxd5 9. Re1 Qd6 10. Qe2 O-O-O 11. b4 Ndxb4 12. cxb4 Bxb4 13. Bd2 Bxd2
14. Nbxd2 Qxd3 15. Qxd3 Rxd3 16. Rad1 Nb4 17. Nxe5 Rdd8 18. Bxb7+ Kxb7 19.
Nxf7 Rhf8 20. Nxd8+ Rxd8 21. Nb3 Rxd1 22. Rxd1 Nxa2 23. Rd7 a5 24. Rxg7 a4
25. Na1 b5 26. Rxh7 b4 27. Rh4 a3 28. Rc4 Kb6 29. f4 c5 30. f5 Kb5 31. Rc2
Nc3 32. f6 c4 33. f7 b3 34. Nxb3 cxb3 35. Rxc3 b2 36. Rb3+ Ka4 37. Rxb2
axb2 38. f8=Q b1=Q+ 39. Kg2 Qc2+ 40. Kh3 Kb5 41. g4 Qh7+ 42. Kg3 Qd3+ 43.
Qf3 Qd6+ 44. Qf4 Qd3+ 45. Kh4 Qh7+ 46. Kg3 Qd3+ 47. Kg2 Qe2+ 48. Kh3 Qd3+
49. Qg3 Qh7+ 50. Qh4 Qd3+ 51. Kg2 Qe2+ 52. Qf2 Qe4+ 53. Kg1 Qxg4+ 54. Qg2
Qd1+ 55. Qf1+ Qxf1+ 56. Kxf1 Kc6 57. Kf2 Kd7 58. Kf3 Ke7 59. Kf4 Kf7 60.
Kg5 Kg7 61. h4 Kh7 62. h5 Kg7 63. h6+ Kh7 64. Kh5 Kh8 65. Kg6 Kg8 { Game
drawn by mutual agreement } 1/2-1/2

[Event "ICC tourney 2533 (25 5)"]
[Site "Internet Chess Club"]
[Date "2021.04.24"]
[Round "4"]
[White "GOLSEFIDY, SEPEHR:K09-16686975"]
[Black "KOTHAPALLI, ASHISH:K09-16185293"]
[Result "1-0"]
[ICCResult "Black checkmated"]
[WhiteElo "1882"]
[BlackElo "897"]
[Opening "Giuoco Piano"]
[ECO "C53"]
[NIC "IG.02"]
[Time "17:06:06"]
[PlyCount "41"]
[TimeControl "1500+5"]

1. e4 e5 2. Nf3 Nc6 3. Bc4 Bc5 4. c3 d6 5. d4 exd4 6. cxd4 Bb4+ 7. Bd2
Bxd2+ 8. Qxd2 Bg4 9. Nc3 Bxf3 10. gxf3 Qf6 11. O-O-O Qxf3 12. Bb5 Nf6 13.
d5 Nxe4 14. Nxe4 Qxe4 15. Rhe1 Qxe1 16. Rxe1+ Kd8 17. dxc6 bxc6 18. Bxc6
Rb8 19. Qg5+ f6 20. Qxg7 Re8 21. Rxe8# { Black checkmated } 1-0

[Event "ICC tourney 2533 (25 5)"]
[Site "Internet Chess Club"]
[Date "2021.04.24"]
[Round "4"]
[White "HANKE, HARVEY:K09-17137475"]
[Black "KAMEL, YASEEN:K09-30090598"]
[Result "1-0"]
[ICCResult "Black resigns"]
[WhiteElo "752"]
[BlackElo "1301"]
[Opening "Caro-Kann: Tartakower (fantasy) variation"]
[ECO "B12"]
[NIC "CK.02"]
[Time "17:05:33"]
[PlyCount "31"]
[TimeControl "1500+5"]

1. e4 c6 2. d4 d5 3. f3 dxe4 4. fxe4 e5 5. Nf3 exd4 6. Bc4 Be6 7. Bxe6 fxe6
8. O-O Bc5 9. Kh1 Ne7 10. Ne5 Nd7 11. Nf7 Qc7 12. Nxh8 O-O-O 13. Nf7 Rf8
14. Ng5 Rxf1+ 15. Qxf1 h6 16. Nxe6 { Black resigns } 1-0

[Event "ICC tourney 2533 (25 5)"]
[Site "Internet Chess Club"]
[Date "2021.04.24"]
[Round "4"]
[White "ZHOU, ARTHUR:K09-17305955"]
[Black "SIVAPRAKASH, AARUDHRAN:K09-15971582"]
[Result "0-1"]
[ICCResult "White checkmated"]
[WhiteElo "105"]
[BlackElo "711"]
[Opening "Queen's pawn game, Chigorin variation"]
[ECO "D02"]
[NIC "QP.08"]
[Time "17:04:09"]
[PlyCount "42"]
[TimeControl "1500+5"]

1. d4 d5 2. Nf3 Nc6 3. Nc3 Nf6 4. Bg5 Bg4 5. Bxf6 exf6 6. h3 Bxf3 7. gxf3
Bb4 8. Qd3 O-O 9. O-O-O Qd6 10. e4 dxe4 11. fxe4 Rae8 12. e5 fxe5 13. Qe4
exd4 14. Bd3 Rxe4 15. Bxe4 Bxc3 16. bxc3 Re8 17. Bxc6 Qxc6 18. Rd3 Qa6 19.
Rhd1 h6 20. Rxd4 Qxa2 21. R1d2 Qa1# { White checkmated } 0-1

[Event "ICC tourney 2533 (25 5)"]
[Site "Internet Chess Club"]
[Date "2021.04.24"]
[Round "4"]
[White "Y OH, JAMES:K09-15146868"]
[Black "JAMES, MATTHEW:K09-16417961"]
[Result "1-0"]
[ICCResult "Black resigns"]
[WhiteElo "2034"]
[BlackElo "1820"]
[Opening "French: Rubinstein variation"]
[ECO "C10"]
[NIC "FR.07"]
[Time "17:03:36"]
[PlyCount "23"]
[TimeControl "1500+5"]

1. e4 e6 2. d4 d5 3. Nc3 dxe4 4. Nxe4 Bd7 5. c4 Bc6 6. Nc3 Nf6 7. a3 a5 8.
f3 Bd6 9. Nge2 O-O 10. Bg5 h6 11. Bh4 Nbd7 12. d5 { Black resigns } 1-0

[Event "ICC tourney 2533 (25 5)"]
[Site "Internet Chess Club"]
[Date "2021.04.24"]
[Round "4"]
[White "WILLIAM HALL, STEWART:K09-15065861"]
[Black "FAN, JEREMY:K09-16878614"]
[Result "1-0"]
[ICCResult "Black checkmated"]
[WhiteElo "1427"]
[BlackElo "715"]
[Opening "Bird's opening"]
[ECO "A02"]
[NIC "VO.07"]
[Time "17:05:48"]
[PlyCount "41"]
[TimeControl "1500+5"]

1. f4 Nc6 2. b3 e5 3. fxe5 Nxe5 4. Nf3 Nxf3+ 5. exf3 Nf6 6. Bb2 Be7 7. Bc4
d6 8. Nc3 Bd7 9. Qe2 O-O 10. O-O-O c6 11. g4 d5 12. Bd3 Qa5 13. g5 Nh5 14.
h4 Nf4 15. Qxe7 Nxd3+ 16. cxd3 d4 17. Qxd7 dxc3 18. dxc3 Qxa2 19. c4 Qxb3
20. Qd4 Rfd8 21. Qxg7# { Black checkmated } 1-0

[Event "ICC tourney 2533 (25 5)"]
[Site "Internet Chess Club"]
[Date "2021.04.24"]
[Round "4"]
[White "ARAGONES, PIERO:K09-16941823"]
[Black "MERCADO, PATRICIO:K09-16368776"]
[Result "0-1"]
[ICCResult "White checkmated"]
[WhiteElo "607"]
[BlackElo "1031"]
[Opening "Caro-Kann: advance variation"]
[ECO "B12"]
[NIC "CK.04"]
[Time "17:06:30"]
[PlyCount "56"]
[TimeControl "1500+5"]

1. e4 c6 2. d4 d5 3. e5 Bf5 4. Nf3 Nd7 5. Nc3 e6 6. Be2 Bb4 7. Qd2 Ne7 8.
O-O O-O 9. a3 Ba5 10. b4 Bb6 11. Qg5 Bxc2 12. Qg3 Bg6 13. Bd3 Bxd3 14. Bh6
Bg6 15. Ng5 gxh6 16. Nf3 Nf5 17. Qf4 a5 18. bxa5 Bxa5 19. Na4 b5 20. Nc5
Nxc5 21. dxc5 Qe7 22. Rfc1 f6 23. exf6 Qxf6 24. a4 Bc3 25. Ra3 Bb2 26. Qc7
Bxa3 27. Ra1 Qxa1+ 28. Ne1 Qxe1# { White checkmated } 0-1

[Event "ICC tourney 2533 (25 5)"]
[Site "Internet Chess Club"]
[Date "2021.04.24"]
[Round "4"]
[White "KOLLIPARA, ADVAITH:K09-15014487"]
[Black "REMPE, LENNIK:K09-15868931"]
[Result "1-0"]
[ICCResult "Black checkmated"]
[WhiteElo "1648"]
[BlackElo "1144"]
[Opening "Queen's gambit declined"]
[ECO "D30"]
[NIC "QP.08"]
[Time "17:04:19"]
[PlyCount "45"]
[TimeControl "1500+5"]

1. d4 d5 2. c4 e6 3. Nf3 Nf6 4. g3 Nc6 5. Bg2 Be7 6. O-O O-O 7. cxd5 exd5
8. Nc3 Be6 9. Bf4 Rc8 10. Ne5 Nxe5 11. dxe5 Nd7 12. Nxd5 Bxd5 13. Qxd5 c6
14. Qe4 f5 15. Qc4+ Kh8 16. Rad1 Rc7 17. e6 b5 18. Qc2 g5 19. Bxc7 Qxc7 20.
Rxd7 Qb6 21. Rxe7 c5 22. Qc3+ Kg8 23. Qg7# { Black checkmated } 1-0

[Event "ICC tourney 2533 (25 5)"]
[Site "Internet Chess Club"]
[Date "2021.04.24"]
[Round "4"]
[White "KOLLIPARA, AMOGH:K09-15294780"]
[Black "HUANG, BRIAN:K09-15187606"]
[Result "0-1"]
[ICCResult "White resigns"]
[WhiteElo "1422"]
[BlackElo "2017"]
[Opening "Queen's pawn: Chigorin variation"]
[ECO "D00"]
[NIC "QP.08"]
[Time "17:03:48"]
[PlyCount "54"]
[TimeControl "1500+5"]

1. d4 d5 2. Nc3 Nf6 3. Bf4 e6 4. e3 Bd6 5. Bxd6 Qxd6 6. Nf3 O-O 7. Ne5 c6
8. Bd3 Nbd7 9. Nxd7 Bxd7 10. O-O e5 11. dxe5 Qxe5 12. h3 Rad8 13. Qf3 Rfe8
14. Rad1 c5 15. Be2 Bc6 16. Qf4 Qxf4 17. exf4 d4 18. Nb5 Rxe2 19. Nxa7 Bd7
20. c4 Ra8 21. Nb5 Bxb5 22. cxb5 Rxa2 23. b3 Rab2 24. Rc1 b6 25. Rfe1 Kf8
26. Rxe2 Rxe2 27. Kf1 Rb2 { White resigns } 0-1

[Event "ICC tourney 2533 (25 5)"]
[Site "Internet Chess Club"]
[Date "2021.04.24"]
[Round "4"]
[White "ARIA NEISHABOURI, JACKSON:K09-16811344"]
[Black "ALEXANDER NIEUWERBURGH, PAUL:K09-15847117"]
[Result "0-1"]
[ICCResult "White resigns"]
[WhiteElo "976"]
[BlackElo "1496"]
[Opening "Sicilian: Hungarian variation"]
[ECO "B27"]
[NIC "SI.43"]
[Time "17:06:16"]
[PlyCount "32"]
[TimeControl "1500+5"]

1. e4 c5 2. Nf3 g6 3. d4 cxd4 4. Qxd4 Nf6 5. e5 Nc6 6. Qc3 Nd5 7. Qd2 Nc7
8. b3 Bg7 9. Bb2 O-O 10. Bd3 d6 11. Qe2 Bg4 12. c4 Nxe5 13. Nbd2 Nxd3+ 14.
Qxd3 Bxb2 15. Rb1 Bg7 16. Qe4 Bf5 { White resigns } 0-1

[Event "ICC tourney 2533 (25 5)"]
[Site "Internet Chess Club"]
[Date "2021.04.24"]
[Round "4"]
[White "SAFRANEK, WILLIAM:K09-15106903"]
[Black "PANJWANI, IMAD:K09-16510285"]
[Result "1-0"]
[ICCResult "Black resigns"]
[WhiteElo "1900"]
[BlackElo "1237"]
[Opening "French: Albin-Alekhine-Châtard attack, Spielmann variation"]
[ECO "C13"]
[NIC "FR.06"]
[Time "17:03:37"]
[PlyCount "63"]
[TimeControl "1500+5"]

1. e4 e6 2. d4 d5 3. Nc3 Nf6 4. Bg5 Be7 5. e5 Nfd7 6. h4 O-O 7. Bd3 h6 8.
Bxe7 Qxe7 9. Qh5 c5 10. Nb5 Nc6 11. c3 a6 12. Nd6 cxd4 13. cxd4 Nxd4 14. f4
Nc5 15. Bb1 b5 16. g4 Nb7 17. g5 Nxd6 18. exd6 Qxd6 19. gxh6 Qb4+ 20. Kd1
Qa4+ 21. Kc1 Qc4+ 22. Kd2 Qb4+ 23. Ke3 Qe1+ 24. Kxd4 Qd2+ 25. Bd3 Qxf4+ 26.
Kc3 a5 27. hxg7 Qb4+ 28. Kc2 f5 29. Qh8+ Kf7 30. gxf8=Q+ Qxf8 31. Qxf8+
Kxf8 32. h5 { Black resigns } 1-0

[Event "ICC tourney 2533 (25 5)"]
[Site "Internet Chess Club"]
[Date "2021.04.24"]
[Round "4"]
[White "CRIST, CARTER:K09-15446271"]
[Black "FARRIS, NORA GRACE:K09-16974693"]
[Result "0-1"]
[ICCResult "White checkmated"]
[WhiteElo "435"]
[BlackElo "947"]
[Opening "Giuoco Piano"]
[ECO "C54"]
[NIC "IG.02"]
[Time "17:05:29"]
[PlyCount "70"]
[TimeControl "1500+5"]

1. e4 e5 2. Bc4 Bc5 3. Nf3 Nc6 4. c3 Nf6 5. O-O O-O 6. Na3 a6 7. Ng5 h6 8.
Nf3 Nxe4 9. Qc2 Nf6 10. b4 Bb6 11. d4 exd4 12. cxd4 Nxd4 13. Nxd4 Bxd4 14.
Rb1 d5 15. Bb3 Re8 16. Qd3 Bb6 17. Bc2 Qd6 18. Bb2 g6 19. Bxf6 Qxf6 20.
Qxd5 c6 21. Qc4 Be6 22. Qc3 Qxc3 23. Rb3 Bxb3 24. Bxb3 Qe1 25. g3 Bxf2+ 26.
Kg2 Qe4+ 27. Kxf2 Qe2+ 28. Kg1 Re7 29. Rf2 Qg4 30. Nc4 Re1+ 31. Rf1 Qe2 32.
Nd2 Qxd2 33. Bc4 Rxf1+ 34. Kxf1 Re8 35. h4 Re1# { White checkmated } 0-1

[Event "ICC tourney 2533 (25 5)"]
[Site "Internet Chess Club"]
[Date "2021.04.24"]
[Round "4"]
[White "HENDERSON, TAYLOR:K09-16952541"]
[Black "MAXIMILIAN RUIZ, ANTHONY:K09-17237494"]
[Result "0-1"]
[ICCResult "White checkmated"]
[WhiteElo "636"]
[BlackElo "1079"]
[Opening "Four knights game"]
[ECO "C47"]
[NIC "KP.06"]
[Time "17:05:48"]
[PlyCount "62"]
[TimeControl "1500+5"]

1. e4 e5 2. Nf3 Nc6 3. Nc3 Nf6 4. d3 Nd4 5. Nxd4 exd4 6. Nd5 Nxd5 7. exd5
Qe7+ 8. Qe2 Qxe2+ 9. Bxe2 Bd6 10. O-O O-O 11. a3 b6 12. b4 Bb7 13. c4 b5
14. c5 Be5 15. d6 cxd6 16. cxd6 Bxd6 17. Bg4 f5 18. Bf3 Bxf3 19. gxf3 a5
20. a4 axb4 21. a5 Rf6 22. Bg5 Rg6 23. f4 Bxf4 24. Kh1 Rxg5 25. a6 Rh5 26.
Kg2 Rxh2+ 27. Kf3 g5 28. Ke2 g4 29. Kd1 g3 30. fxg3 Rd2+ 31. Ke1 Re8# {
White checkmated } 0-1

[Event "ICC tourney 2533 (25 5)"]
[Site "Internet Chess Club"]
[Date "2021.04.24"]
[Round "4"]
[White "QUAN, JAKE TAYLOR:K09-15117746"]
[Black "KATZ, GAVIN:K09-15762048"]
[Result "1-0"]
[ICCResult "Black resigns"]
[WhiteElo "1582"]
[BlackElo "1056"]
[Opening "Queen's pawn game, Darooha variation "]
[ECO "D02"]
[NIC "QP.06"]
[Time "17:04:18"]
[PlyCount "33"]
[TimeControl "1500+5"]

1. d4 Nf6 2. Nf3 d5 3. g3 e6 4. Bg2 Nc6 5. O-O Be7 6. c4 O-O 7. Nc3 dxc4 8.
e4 Re8 9. Kh1 h6 10. Qa4 Nxd4 11. Rd1 Bd7 12. Qxc4 Bb5 13. Nxb5 Nxb5 14.
Rxd8 Raxd8 15. Qxb5 Ng4 16. Be3 Rd6 17. Qxe8+ { Black resigns } 1-0

[Event "ICC tourney 2533 (25 5)"]
[Site "Internet Chess Club"]
[Date "2021.04.24"]
[Round "4"]
[White "KASI, ARUNACHALAM:K09-16244965"]
[Black "BECKER, SEAN:K09-15734464"]
[Result "1-0"]
[ICCResult "Black checkmated"]
[WhiteElo "1291"]
[BlackElo "598"]
[Opening "King's Indian defense"]
[ECO "E60"]
[NIC "KI.80"]
[Time "17:05:54"]
[PlyCount "49"]
[TimeControl "1500+5"]

1. d4 Nf6 2. c4 g6 3. Bf4 Bg7 4. Nf3 O-O 5. e3 Nc6 6. Bd3 d5 7. a3 Be6 8.
c5 b6 9. b4 a5 10. b5 bxc5 11. bxc6 cxd4 12. Nxd4 Bg4 13. f3 Bc8 14. Nd2
Ba6 15. Bxa6 Rxa6 16. Rc1 Qb8 17. O-O Qb2 18. Bxc7 a4 19. Ra1 Rc8 20. Be5
Ne8 21. Bxg7 Kxg7 22. Qc1 Nd6 23. Qxb2 e6 24. Nxe6+ Kg8 25. Qg7# { Black
checkmated } 1-0

[Event "ICC tourney 2533 (25 5)"]
[Site "Internet Chess Club"]
[Date "2021.04.24"]
[Round "4"]
[White "GOWDA, PRAKYATH:K09-16326375"]
[Black "BRUM, CHARLES:K09-30020736"]
[Result "1-0"]
[ICCResult "Black resigns"]
[WhiteElo "383"]
[BlackElo "910"]
[Opening "two knights: Max Lange attack"]
[ECO "C50"]
[NIC "IG.02"]
[Time "17:03:21"]
[PlyCount "51"]
[TimeControl "1500+5"]

1. e4 e5 2. Nf3 Nc6 3. Bc4 Bc5 4. O-O Nf6 5. d4 exd4 6. e5 Nh5 7. Ng5 d5 8.
exd6 O-O 9. Qxh5 h6 10. Bxf7+ Kh8 11. Qg6 Qxg5 12. Bxg5 Rxf7 13. Qxf7 hxg5
14. d7 Bxd7 15. Qxd7 Rd8 16. Qxc7 Bd6 17. Qxb7 Nb4 18. c3 Nc2 19. Nd2 Nxa1
20. Rxa1 dxc3 21. bxc3 Be5 22. Qe7 Rxd2 23. Qxe5 Kg8 24. h3 Rd8 25. Qxg5 a5
26. Qxa5 { Black resigns } 1-0